 Dungeon Crawl Stone Soup version 0.23-a0-730-g0b75920 (webtiles) character file.

53801 robertstho the Cleaver (level 14, -1/111 HPs)
             Began as a Vine Stalker Fighter on Jan 16, 2019.
             Was a High Priest of Ashenzari.
             Slain by a blink frog (6 damage)
             ... on level 6 of the Lair of Beasts on Jan 17, 2019.
             The game lasted 00:52:52 (16802 turns).

robertstho the Cleaver (Vine Stalker Fighter)      Turns: 16802, Time: 00:52:53

Health: -1/111     AC: 15    Str: 35    XL:     14   Next: 70%
Magic:  0/15       EV:  9    Int:  8    God:    Ashenzari [*****.]
Gold:   666        SH:  0    Dex: 10    Spells: 13/13 levels left

rFire    + + .     SeeInvis +   s - +10 great sword of Juhosetiv {elec, rF+ rC+ Dex-3} (curse)
rCold    + + .     Gourm    .   (shield currently unavailable)
rNeg     . . .     Faith    .   m - +0 plate armour (curse)
rPois    +         Spirit   +   (no helmet)
rElec    .         Reflect  .   t - scarf {rC+ rF+}
rCorr    .         Harm     .   p - +0 pair of gloves
MR       +....     Clarity  +   D - +0 pair of boots
Stlth    ..........             j - amulet of magic regeneration (curse)
HPRegen  1.08/turn              i - +2 ring of protection
MPRegen  0.39/turn              U - +5 ring of strength (curse)

@: berserking, very quick
A: fangs 3, hooves 1, deformed body, poison resistance, regeneration 2, magic
shield, antimagic bite, no potion heal 3, rot immunity, MP-powered wands
a: End Transfer Knowledge, Curse Item, Scrying, Transfer Knowledge, Renounce
Religion


You were on level 6 of the Lair of Beasts.
You worshipped Ashenzari.
Ashenzari was extremely pleased with you.
You were not hungry.

You visited 4 branches of the dungeon, and saw 21 of its levels.
You also visited: Sewer.

You collected 2214 gold pieces.
You spent 1548 gold pieces at shops.

Inventory:

Hand Weapons
 o - a +0 battleaxe
 s - the cursed +10 great sword of Juhosetiv (weapon) {elec, rF+ rC+ Dex-3}
   (You found it on level 10 of the Dungeon)

   Occasionally, upon striking a foe, it will discharge some electrical energy
   and cause terrible harm.
   It affects your dexterity (-3).
   It protects you from fire.
   It protects you from cold.
   It has a curse placed upon it.
 v - a +2 flail of draining
 A - the +2 mace "Wigo" {elec, Dex+4}
   (You found it on level 2 of the Lair of Beasts)

   Occasionally, upon striking a foe, it will discharge some electrical energy
   and cause terrible harm.
   It affects your dexterity (+4).
 E - the +3 hand axe of Crystal {drain, rElec}
   (You bought it in a shop on level 9 of the Dungeon)

   A truly terrible weapon, it drains the life of those it strikes.
   It insulates you from electricity.
 K - a +2 war axe of flaming
Armour
 a - a +1 cloak
 m - a cursed +0 plate armour (worn)
 p - a +0 pair of gloves (worn)
 t - a scarf of resistance (worn)
 B - a +2 shield
 D - a +0 pair of boots (worn)
Jewellery
 h - an uncursed amulet of the acrobat
 i - a +2 ring of protection (left hand)
 j - a cursed amulet of magic regeneration (around neck)
 C - an uncursed amulet of harm
 G - an uncursed ring of magical power
 T - an uncursed ring of resist corrosion
 U - a cursed +5 ring of strength (right hand)
 Y - a +4 ring of protection
Wands
 I - a wand of scattershot (4)
 J - a wand of clouds (5)
 R - a wand of iceblast (25)
 X - a wand of disintegration (10)
Scrolls
 g - 2 scrolls of blinking
 n - 3 scrolls of enchant weapon
 q - 4 scrolls of magic mapping
 w - 2 scrolls of remove curse
 y - a scroll of holy word
 z - 3 scrolls of fog
 N - 2 scrolls of teleportation
 S - 5 scrolls of identify
 W - a scroll of vulnerability {unknown}
Potions
 d - a potion of ambrosia {unknown}
 k - 8 potions of flight
 l - a potion of magic
 r - 3 potions of curing
 u - 5 potions of lignification
 F - 4 potions of agility
 L - 2 potions of cancellation
 M - 2 potions of might
 O - a potion of haste
 P - a potion of resistance
 V - a potion of mutation
Comestibles
 f - 44 rations
 Z - 10 chunks of flesh


   Skills:
 + Level 8.3 Fighting
 * Level 9.1(14.1) Long Blades
 + Level 12.7 Axes
 * Level 11.8 Armour
 + Level 1.3 Dodging
 + Level 1.1 Stealth
 + Level 9.1 Shields
 + Level 0.4(1.4) Evocations


You had 13 spell levels left.
You didn't know any spells.
Your spell library contained the following spells:

 Spells                   Type           Power        Failure   Level  Hunger
 Apportation              Tloc           #.....       88%         1    ##.....
 Confusing Touch          Hex            #.....       88%         1    ##.....
 Summon Butterflies       Summ           #.......     88%         1    ##.....
 Confuse                  Hex            #.......     99%         3    ####...
 Gell's Gravitas          Tloc           #.........   99%         3    ####...
 Lesser Beckoning         Tloc           #.........   99%         3    ####...
 Tukima's Dance           Hex            #.......     99%         3    ####...
 Petrify                  Tmut/Erth      #.......     100%        4    #####..
 Alistair's Intoxication  Tmut/Pois      #.......     100%        5    ######.
 Metabolic Englaciation   Hex/Ice        #.........   100%        5    ######.
 Yara's Violent Unravell  Hex/Tmut       #.........   100%        5    ######.
 Invisibility             Hex            #.......     100%        6    #######


Dungeon Overview and Level Annotations

Branches:
Dungeon (12/15)            Temple (1/1) D:4            Lair (6/6) D:11
  Swamp (0/4) Lair:3       Spider (0/4) Lair:4        Slime (0/5) Lair:6
    Orc (2/2) D:10            Elf (0/3) Orc:2

Altars:
Ashenzari
Cheibriados
Dithmenos
Elyvilon
Fedhas
Gozag
Nemelex Xobeh
Okawaru
Qazlal
Sif Muna
Trog
Uskayaw
Wu Jian
Yredelemnul
Beogh

Shops:
D:5 (*   D:9 (   Orc:2 !?=!

Annotations:
Lair:2 exclusion: 2 oklob plants
Orc:2 459 amulet reflection


Innate Abilities, Weirdness & Mutations

You have razor-sharp teeth.
You heal very quickly.
When hurt, damage is shared between your health and your magic reserves.
Your bite disrupts and absorbs the magic of your enemies.
Potions cannot restore your health.
You are immune to rotting.
You have large cloven feet.
Armour fits poorly on your strangely shaped body.
Your system is resistant to poisons. (rPois)
You expend magic power (3 MP) to strengthen your wands.


Message History

The spiny frog stings you!
* * * LOW HITPOINT WARNING * * *
The spiny frog stings you!
* * * LOW HITPOINT WARNING * * *
A red film seems to cover your vision as you go berserk!
You feel yourself moving faster!
You feel mighty! The spiny frog stings you!
* * * LOW HITPOINT WARNING * * *
You slash the spiny frog! You bite the spiny frog!
You kill the spiny frog!
You closely miss the blink frog.
The blink frog hits you but does no damage.
You miss the blink frog. You bite the blink frog!
The blink frog's magic leaks into the air.
You drain its magic.
You feel invigorated.
The blink frog is heavily wounded.
The blink frog falters for a moment.
You barely miss the blink frog. Your bite misses the blink frog.
The blink frog is heavily wounded.
The blink frog hits you!
You die...

##* ##### ## * *
##.#########.#.###.# ,###
#.#.PP##.#.#.P.#§.####.P..*
##.PP......F..............,
#....#.#(.#FF#...{{†......
#.....##.##F#.............,
###...P÷..#@#.......†......
#.....(.....##....[F.......
#.P..........#.............
#...#......................
###.#.........#........<...
#.........##.............
##..##.#P.####............
#....#####.##,.. ,,, ,,
##...####.#.# , , ,


You could see a spiny frog and 3 blink frogs.

Vanquished Creatures
  Gastronok (Lair:1)
  A dire elephant (Lair:2)
  Fannar (D:12)
  Harold (D:8)
  3 two-headed ogres
  3 orc high priests (Orc:2)
  Nergalle (Orc:1)
  5 orc knights
  2 ugly things
  4 orc sorcerers
  A cyclops (Orc:2)
  18 elephants
  2 black mambas
  2 molten gargoyles (Lair:4)
  16 spiny frogs
  12 komodo dragons
  Grinder (D:4)
  3 trolls
  8 blink frogs
  6 hippogriffs
  A tarantella (Lair:4)
  2 spriggans
  A wraith (D:12)
  A basilisk (Lair:5)
  4 wyverns
  46 yaks
  5 vampire mosquitoes (Lair:6)
  2 wargs (Orc:2)
  12 water moccasins
  9 porcupines
  An ice beast (D:8)
  24 orc warriors
  Duvessa (D:7)
  3 black bears
  2 sky beasts
  9 ogres
  A phantom (D:11)
  5 wolves
  6 centaurs
  14 crocodiles
  9 big kobolds
  2 gnoll sergeants (D:9)
  21 bullfrogs
  A water moccasin zombie (D:5)
  A wyvern skeleton (D:10)
  Dowan (D:7)
  6 scorpions
  6 killer bees (D:7)
  6 wights
  4 howler monkeys
  2 electric eels (Lair:1)
  5 crimson imps
  2 bullfrog zombies (D:12)
  5 lava snakes (Lair:4)
  A quasit (D:6)
  6 hounds
  3 centaur skeletons
  17 orc priests
  A centaur zombie (D:11)
  4 jellies
  22 orc wizards
  3 iguanas
  Ijyb (D:3)
  3 worker ants
  4 hell rats (Lair:3)
  3 hound skeletons
  A howler monkey zombie (D:8)
  4 worker ant zombies
  12 gnolls
  A river rat (D:6)
  12 adders
  A shadow imp (D:9)
  8 oozes
  2 adder skeletons
  8 worms
  2 dart slugs
  6 leopard geckos
  86 orcs
  3 giant cockroaches
  8 hobgoblins
  18 jackals
  2 quokkas
  4 ball pythons
  10 bats
  5 frilled lizards
  12 goblins
  24 kobolds
  A leopard gecko skeleton (D:7)
  A quokka zombie (D:6)
  7 rats
  2 fungi (Lair:2)
619 creatures vanquished.

Vanquished Creatures (others)
  A big kobold (D:10)
  An orc (Orc:2)
  A kobold (D:10)
  26 fungi
  36 plants
65 creatures vanquished.

Grand Total: 684 creatures vanquished

Notes
Turn   | Place    | Note
-------+----------+-------------------------------------------
     0 | D:1      | robertstho the Vine Stalker Fighter began the quest for the
                  | Orb.
     0 | D:1      | Reached XP level 1. HP: 11/11 MP: 2/2
   210 | D:1      | Reached skill level 2 in Axes
   210 | D:1      | Reached XP level 2. HP: 12/16 MP: 1/3
   315 | D:1      | Reached XP level 3. HP: 10/19 MP: 4/4
  1603 | D:2      | Gained mutation: Your natural rate of healing is unusually
                  | fast. [Vine Stalker growth]
  1603 | D:2      | Reached XP level 4. HP: 24/24 MP: 5/5
  2193 | D:3      | Reached skill level 3 in Axes
  2195 | D:3      | Reached XP level 5. HP: 28/28 MP: 6/6
  2333 | D:3      | Noticed Ijyb
  2336 | D:3      | Paralysed by Ijyb for 4 turns
  2347 | D:3      | Killed Ijyb
  2897 | D:4      | Reached XP level 6. HP: 31/32 MP: 7/7
  2913 | D:4      | Reached skill level 4 in Axes
  3086 | D:4      | Found a staircase to the Ecumenical Temple.
  3110 | Temple   | Entered the Ecumenical Temple
  3127 | Temple   | Became a worshipper of Ashenzari the Shackled
  3201 | D:4      | Noticed Grinder
  3213 | D:4      | Paralysed by Grinder for 6 turns
  3220 | D:4      | Gained mutation: Armour fits poorly on your strangely
                  | shaped body. [potion of mutation]
  3220 | D:4      | Gained mutation: You have large cloven feet. [potion of
                  | mutation]
  3220 | D:4      | Gained mutation: You expend magic power (3 MP) to
                  | strengthen your wands. [potion of mutation]
  3220 | D:4      | Gained mutation: Your system is resistant to poisons.
                  | (rPois) [potion of mutation]
  3222 | D:4      | Killed Grinder
  3222 | D:4      | Reached skill level 5 in Axes
  3222 | D:4      | Reached XP level 7. HP: 11/36 MP: 4/8
  3698 | D:5      | Entered Level 5 of the Dungeon
  3730 | D:5      | Reached skill level 6 in Axes
  3945 | D:5      | Found Aqiom's Weapon Boutique.
  4002 | D:5      | Found Curghyir's General Store.
  4008 | D:5      | Gained mutation: You have razor-sharp teeth. [Vine Stalker
                  | growth]
  4008 | D:5      | Reached XP level 8. HP: 32/40 MP: 7/9
  4023 | D:5      | Bought a potion of curing for 39 gold pieces
  4389 | D:6      | Reached skill level 7 in Axes
  4408 | D:6      | Found a glowing drain.
  4417 | Sewer    | Entered a sewer
  4419 | Sewer    | Reached * piety under Ashenzari
  4694 | Sewer    | Reached skill level 5 in Armour
  4792 | Sewer    | Reached XP level 9. HP: 45/45 MP: 10/10
  4869 | Sewer    | Reached skill level 8 in Axes
  5253 | D:7      | HP: 2/45 [hound (3)]
  5378 | D:7      | Noticed Duvessa
  5378 | D:7      | Noticed Dowan
  5388 | D:7      | Killed Dowan
  5393 | D:7      | Killed Duvessa
  5627 | D:7      | Found an opulent altar of Gozag.
  5702 | D:7      | Noticed a two-headed ogre
  5708 | D:7      | Killed a two-headed ogre
  5708 | D:7      | Reached skill level 9 in Axes
  5781 | D:7      | Reached XP level 10. HP: 46/51 MP: 11/11
  6273 | D:8      | Noticed Harold
  6296 | D:8      | Killed Harold
  6296 | D:8      | Reached skill level 10 in Axes
  6819 | D:8      | Reached skill level 5 in Shields
  6841 | D:8      | Found a bloodstained altar of Trog.
  6927 | D:8      | Found a roughly hewn altar of Beogh.
  7362 | D:9      | Reached skill level 5 in Fighting
  7558 | D:9      | Noticed a two-headed ogre
  7564 | D:9      | Killed a two-headed ogre
  7564 | D:9      | Reached XP level 11. HP: 51/56 MP: 12/12
  7656 | D:9      | Reached skill level 11 in Axes
  7721 | D:9      | Reached skill level 1 in Dodging
  7805 | D:9      | Found Huesar Fymeu's Weapon Shop.
  7811 | D:9      | Bought the cursed +3 hand axe of Crystal {drain, rElec} for
                  | 439 gold pieces
  8221 | D:10     | Entered Level 10 of the Dungeon
  8289 | D:10     | Reached ** piety under Ashenzari
  8350 | D:10     | Found a staircase to the Orcish Mines.
  8880 | D:10     | Identified the +10 great sword of Juhosetiv {elec, rF+ rC+
                  | Dex-3}
  8960 | D:11     | Noticed a two-headed ogre
  8968 | D:11     | Killed a two-headed ogre
  9232 | D:11     | Found a white marble altar of Elyvilon.
  9259 | D:11     | Reached *** piety under Ashenzari
  9274 | D:11     | Identified the +1 robe of Purpose {rElec Str+6}
  9375 | D:11     | Reached skill level 12 in Axes
  9465 | D:11     | Noticed a white ugly thing
  9480 | D:11     | Killed a white ugly thing
  9595 | D:11     | Found a staircase to the Lair.
  9619 | D:11     | Gained mutation: You heal very quickly. [Vine Stalker
                  | growth]
  9619 | D:11     | Reached XP level 12. HP: 45/60 MP: 9/13
  9768 | D:12     | Noticed Fannar
  9811 | D:12     | Killed Fannar
 10471 | Orc:1    | Entered Level 1 of the Orcish Mines
 10531 | Orc:1    | Noticed Nergalle
 10542 | Orc:1    | Killed Nergalle
 10804 | Orc:2    | Entered Level 2 of the Orcish Mines
 10820 | Orc:2    | Found a roughly hewn altar of Beogh.
 10823 | Orc:2    | Reached skill level 13 in Axes
 11089 | Orc:2    | Found a staircase to the Elven Halls.
 11546 | Orc:2    | Noticed an orc high priest
 11554 | Orc:2    | Noticed an orc high priest
 11556 | Orc:2    | Noticed a sun demon
 11558 | Orc:2    | Killed an orc high priest
 11565 | Orc:2    | HP: 2/62 [orc knight/cursed -2 war axe (17)]
 11573 | Orc:2    | Reached XP level 13. HP: 10/66 MP: 0/14
 11751 | Orc:2    | Reached skill level 14 in Axes
 11927 | Orc:2    | Reached skill level 10 in Armour
 11966 | Orc:2    | Found Dibbo's Magic Scroll Shoppe.
 11966 | Orc:2    | Found Lesixait's Distillery.
 11968 | Orc:2    | Found Cifaythu's Distillery.
 11968 | Orc:2    | Found Isetaorr's Jewellery Shop.
 11979 | Orc:2    | Bought a potion of magic for 112 gold pieces
 11979 | Orc:2    | Bought a potion of agility for 56 gold pieces
 11979 | Orc:2    | Bought a potion of cancellation for 112 gold pieces
 11979 | Orc:2    | Bought a potion of agility for 56 gold pieces
 11979 | Orc:2    | Bought a potion of might for 56 gold pieces
 11984 | Orc:2    | Bought a scroll of identify for 24 gold pieces
 11984 | Orc:2    | Bought a scroll of identify for 24 gold pieces
 11984 | Orc:2    | Bought a scroll of teleportation for 36 gold pieces
 11986 | Orc:2    | Bought a potion of magic for 144 gold pieces
 11986 | Orc:2    | Bought a potion of haste for 180 gold pieces
 11986 | Orc:2    | Bought a potion of resistance for 180 gold pieces
 11986 | Orc:2    | Bought a potion of berserk rage for 90 gold pieces
 12030 | Orc:2    | Reached **** piety under Ashenzari
 12148 | Lair:1   | Entered Level 1 of the Lair of Beasts
 12343 | Lair:1   | Noticed Gastronok
 12359 | Lair:1   | Killed Gastronok
 12770 | Lair:1   | Upgraded the game from 0.23-a0-726-g9fa1570 to
                  | 0.23-a0-730-g0b75920
 12860 | Lair:2   | Identified the +2 mace "Wigo" {elec, Dex+4}
 13272 | Lair:2   | Noticed a dire elephant
 13299 | Lair:2   | Killed a dire elephant
 13419 | Lair:2   | Reached XP level 14. HP: 72/72 MP: 15/15
 14169 | Lair:3   | Identified the cursed +1 arbalest of Discomfort {elec, rF+
                  | MR+}
 14505 | Lair:3   | Reached ***** piety under Ashenzari
 14622 | Lair:3   | Found a staircase to the Swamp.
 15028 | Lair:4   | Found a hole to the Spider Nest.
 15761 | Lair:5   | Reached skill level 1 in Long Blades
 16298 | Lair:5   | Reached skill level 5 in Long Blades
 16448 | Lair:6   | Entered Level 6 of the Lair of Beasts
 16455 | Lair:6   | Reduced skill Axes to level 13
 16586 | Lair:6   | Reached skill level 1 in Stealth
 16653 | Lair:6   | Found a staircase to the Slime Pits.
 16772 | Lair:6   | Reduced skill Axes to level 12
 16798 | Lair:6   | HP: 2/111 [spiny frog (8)]
 16802 | Lair:6   | Slain by a blink frog

Vault maps used:
D:1:      dpeg_arrival_fog
D:2:      minmay_statues_item, guppyfry_early_orc_mine
D:3:      kennysheep_goblin_castle, first_ration, chequers_serial_rivers_marsh
D:4:      black_bear_nest_2, minmay_temple_entry_nine_rooms, uniq_grinder
D:5:      serial_shops, nicolae_shop_competitors_out_of_business,
          nicolae_shop_stone
D:6:      cheibrodos_sewer_entry_sluice
D:7:      the_bakery, kennysheep_cluttered_room,
          nicolae_gozag_cash_rules_everything_around_me, uniq_duvessa
D:8:      kennysheep_mini_moat, special_room, uniq_harold
D:9:      serial_shops, nicolae_shop_trees, minmay_liquid_box, chequers_jeans
D:10:     lemuel_ice_spiral_2, orc_0_dummy
D:11:     david_lair_shrubbed, basic_altar, billiards_dpeg
D:12:     einodemon_barbed_minivault, uniq_fannar
Temple:   grunt_wide_crystal_templ
Lair:1:   statuecave_lemuel, beast_lair_carwin_3, uniq_gastronok
Lair:2:   mu_elephants_graveyard, infiniplex_staircase_pool_2,
          lemuel_fruit_tree, minmay_lair_oklob_chamber
Lair:3:   swamp_mist
Lair:4:   cheibrodos_magma_flow, spider_nest_entry_rubble,
          chequers_serial_rivers_large_a, hibernation_bobbens
Lair:5:   serial_bayou_shore_b, grunt_megastairs_3
Lair:6:   minmay_lair_end_frog_pond, slime_dummy
Orc:1:    uniq_nergalle
Orc:2:    grunt_orc_tribal_feast, basic_altar
Sewer:    sewer_co_tree

Skill      XL: |  1  2  3  4  5  6  7  8  9 10 11 12 13 14 |
---------------+-------------------------------------------+-----
Axes           | 2 3 5 6 7 9 10 12 13 14 12 | 12.7
Armour         | 3 4 5 6 7 9 11 | 11.8
Fighting       | 3 4 5 6 7 8 |  8.3
Shields        | 3 4 5 6 7 8 9 |  9.1
Dodging        | 1 |  1.3
Long Blades    | 9 |  9.1
Stealth        | 1 |  1.1
Evocations     | |  0.4

Action                   |  1- 3 |  4- 6 |  7- 9 | 10-12 | 13-15 || total
-------------------------+-------+-------+-------+-------+-------++-------
Melee: War axe           |   113 |   140 |   310 |   258 |       ||   821
       Bite              |    35 |    36 |    80 |   309 |   310 ||   770
       Kick              |       |       |    75 |   288 |    87 ||   450
       Hand axe          |       |       |       |   597 |   587 ||  1184
       Great sword       |       |       |       |       |   132 ||   132
Invok: Curse Item        |       |       |       |     2 |     3 ||     5
       Transfer Knowledg |       |       |       |       |     1 ||     1
Evoke: Wand              |       |       |       |     2 |       ||     2
  Use: Potion            |     1 |     2 |     2 |     4 |     3 ||    12
       Scroll            |       |     7 |     4 |     2 |    10 ||    23
  Eat: Chunk             |     2 |     6 |     6 |    19 |    14 ||    47
       Ration            |       |       |     1 |       |     1 ||     2
Armor: Scale mail        |    59 |     8 |       |       |       ||    67
       Plate armour      |       |    84 |   137 |   214 |   258 ||   693
Dodge: Dodged            |    53 |    25 |    49 |   112 |   144 ||   383
Block: Shield            |    63 |    73 |   126 |   397 |   304 ||   963
       Rpst.: Great sword |       |       |       |       |    15 ||    15

Table legend:
 A = Non-vault XP
 B = Vault XP
 C = Vault XP percentage of total XP
 D = Non-vault monster count
 E = Vault monster count
 F = Vault count percentage of total count
                 A         B        C        D         E       F
            +---------+---------+-------+---------+---------+-------
      Total |   42449 |   34410 |  44.8 |     447 |     170 |  27.6
            +---------+---------+-------+---------+---------+-------
        D:1 |      48 |       0 |   0.0 |      29 |       0 |   0.0
        D:2 |      21 |      17 |  44.7 |      10 |       7 |  41.2
        D:3 |      96 |      59 |  38.1 |      19 |      12 |  38.7
        D:4 |     284 |     442 |  60.9 |      21 |       2 |   8.7
        D:5 |     316 |       0 |   0.0 |      14 |       0 |   0.0
        D:6 |     919 |      25 |   2.6 |      26 |       4 |  13.3
        D:7 |    1795 |     417 |  18.9 |      23 |       3 |  11.5
        D:8 |     481 |    1304 |  73.1 |       8 |      16 |  66.7
        D:9 |    5677 |       0 |   0.0 |      50 |       0 |   0.0
       D:10 |    2244 |       0 |   0.0 |      28 |       0 |   0.0
       D:11 |    3028 |     509 |  14.4 |      17 |       4 |  19.0
       D:12 |    3821 |    1267 |  24.9 |      49 |       4 |   7.5
     Lair:1 |    2960 |    4204 |  58.7 |      17 |       8 |  32.0
     Lair:2 |    3626 |    9831 |  73.1 |      18 |      20 |  52.6
     Lair:3 |    5752 |       0 |   0.0 |      32 |       0 |   0.0
     Lair:4 |     300 |    1314 |  81.4 |       2 |       8 |  80.0
     Lair:5 |    3899 |     595 |  13.2 |      16 |       3 |  15.8
     Lair:6 |    2156 |    5362 |  71.3 |      10 |      21 |  67.7
      Orc:1 |    1756 |    1403 |  44.4 |      24 |       2 |   7.7
      Orc:2 |    3270 |    6875 |  67.8 |      34 |      28 |  45.2
      Sewer |       0 |     786 | 100.0 |       0 |      28 | 100.0
            +---------+---------+-------+---------+---------+-------
